 Dungeon Crawl Stone Soup version 0.23.2-40-g277498a (webtiles) character file.

Game seed: 2587089221437680879

45 CrazyJ the Skirmisher (level 3, -3/35 HPs)
             Began as a Gnoll Abyssal Knight on Sept 12, 2019.
             Was a Believer of Lugonu.
             Slain by a worm (11 damage)
             ... on level 2 of the Dungeon.
             The game lasted 00:06:41 (1015 turns).

CrazyJ the Skirmisher (Gnoll Abyssal Knight)        Turns: 1015, Time: 00:06:41

Health: -3/35      AC:  4    Str: 15    XL:     3   Next: 64%
Magic:  6/6        EV: 12    Int: 14    God:    Lugonu [**....]
Gold:   139        SH:  0    Dex: 14    Spells: 3/3 levels left

rFire    . . .     SeeInvis .   a - +1 spear
rCold    . . .     Gourm    .   (no shield)
rNeg     . . .     Faith    .   b - +0 leather armour
rPois    .         Spirit   .   (no helmet)
rElec    .         Reflect  .   (no cloak)
rCorr    .         Harm     .   o - +0 pair of gloves
MR       .....                  (no boots)
Stlth    ++........             (no amulet)
HPRegen  0.11/turn              i - ring of stealth
MPRegen  0.10/turn              (no ring)

@: no status effects
A: distributed training, fangs 1, strong nose
a: Depart the Abyss, Bend Space, Renounce Religion


You were on level 2 of the Dungeon.
You worshipped Lugonu.
Lugonu was pleased with you.
You were not hungry.

You visited 1 branch of the dungeon, and saw 2 of its levels.
You visited the Abyss 1 time.

You collected 139 gold pieces.

Inventory:

Hand Weapons
 a - a +1 spear (weapon)
Missiles
 e - 9 stones (quivered)
 j - 18 sling bullets
Armour
 b - a +0 leather armour (worn)
 o - a +0 pair of gloves (worn)
Jewellery
 i - a ring of stealth (left hand)
Scrolls
 f - 5 scrolls of remove curse {unknown}
 h - a scroll of teleportation {unknown}
 l - 2 scrolls of identify {unknown}
 m - a scroll of enchant weapon {unknown}
 n - a scroll of amnesia {unknown}
Potions
 g - 2 potions of flight {unknown}
 k - a potion of curing {unknown}
Comestibles
 c - 4 rations
 d - 4 chunks of flesh


   Skills:
 + Level 6.5 Fighting
 + Level 0.8 Short Blades
 + Level 0.8 Long Blades
 + Level 0.8 Axes
 + Level 0.8 Maces & Flails
 + Level 4.5 Polearms
 + Level 0.8 Staves
 + Level 0.8 Slings
 + Level 0.8 Bows
 + Level 0.8 Crossbows
 + Level 0.8 Throwing
 + Level 4.5 Armour
 + Level 2.6 Dodging
 + Level 0.8 Stealth
 + Level 0.8 Shields
 + Level 0.8 Unarmed Combat
 + Level 0.8 Spellcasting
 + Level 0.5 Conjurations
 + Level 0.5 Hexes
 + Level 0.5 Charms
 + Level 0.5 Summonings
 + Level 0.5 Necromancy
 + Level 0.5 Translocations
 + Level 0.5 Transmutations
 + Level 0.5 Fire Magic
 + Level 0.5 Ice Magic
 + Level 0.5 Air Magic
 + Level 0.5 Earth Magic
 + Level 0.5 Poison Magic
 + Level 4.6 Invocations
 + Level 0.8 Evocations


You had 3 spell levels left.
You didn't know any spells.
Your spell library was empty.

Dungeon Overview and Level Annotations

Branches:
Dungeon (2/15)

Altars:
Makhleb

Annotations:
D:2 Natasha


Innate Abilities, Weirdness & Mutations

Your experience applies equally to all skills.
You have very sharp teeth.
Your uncanny sense of smell can sniff out nearby items.


Message History

The bat barely misses you. x2; The ooze hits you but does no damage.
You hit the worm. You bite the worm.
The worm is moderately wounded.
The bat barely misses you. The worm barely misses you.
You barely miss the worm.
The worm is moderately wounded.
The ooze misses you. The bat barely misses you.
You hit the worm.
The worm is heavily wounded.
The bat hits you but does no damage. The ooze barely misses you.
The bat barely misses you. The worm bites you!
* * * LOW HITPOINT WARNING * * *
You hit the worm but do no damage.
The worm is heavily wounded.
The bat hits you but does no damage. The ooze hits you.
* * * LOW HITPOINT WARNING * * *
You hit the worm.
The worm is heavily wounded.
The ooze hits you but does no damage. The worm bites you!
You die...

...### .#...# #...
....#.. ...#.# #.(.
....#.. ..##.# #...
_..... ### # #...
....# # #... ∆
....# #... ...
####...####.####..
>......J@wSh......
####..#b?###.#####
#..............
#....#.........####
#.##.####.#.##.# ##
#.##.# #.#.# .. .#
#.##.# #.#.# ## .#
#.##.# #.#.# .#
#.##.# #.#.#


You could see a worm, Natasha, an ooze, an adder and a bat.

Vanquished Creatures
  An adder (D:2)
  A dart slug (D:1)
  3 leopard geckos
  2 giant cockroaches (D:2)
  3 goblins
  4 hobgoblins (D:1)
  A quokka (D:2)
  6 bats
  4 frilled lizards
  3 kobolds
  4 rats
32 creatures vanquished.

Notes
Turn   | Place    | Note
-------+----------+-------------------------------------------
     0 | Abyss:1  | CrazyJ the Gnoll Abyssal Knight began the quest for the
                  | Orb.
     0 | Abyss:1  | Reached XP level 1. HP: 23/23 MP: 3/3
    27 | D:1      | Escaped the Abyss
   135 | D:1      | Reached XP level 2. HP: 22/29 MP: 5/5
   659 | D:2      | Reached ** piety under Lugonu
   659 | D:2      | Reached XP level 3. HP: 34/35 MP: 6/6
  1004 | D:2      | Found a burning altar of Makhleb.
  1004 | D:2      | Noticed Natasha
  1015 | D:2      | Slain by a worm

Action                   || total
-------------------------++-------
Melee: Spear             ||   109
       Bite              ||    12
       Punch             ||     1
 Stab: Sleeping          ||     2
Armor: Leather armour    ||    46
Dodge: Dodged            ||    85
